 Dungeon Crawl Stone Soup version 0.31-a0-214-gb37851dbb3 (webtiles) character file.

Game seed: 4215240168139387044

54215 qw the Severer (level 14, -2/92 HPs)
             Began as a Gargoyle Fighter on July 1, 2023.
             Was an Elder of Okawaru.
             Constricted to death by Jorgrun (12 damage)
             ... on level 12 of the Dungeon.
             The game lasted 00:09:44 (17937 turns).

qw the Severer (Gargoyle Fighter)                  Turns: 17937, Time: 00:09:45

Health: -2/92      AC: 35    Str: 33    XL:     14   Next: 71%
Magic:  15/21      EV:  8    Int:  9    God:    Okawaru [****..]
Gold:   823        SH:  6    Dex:  9    Spells: 13/13 levels left

rFire   x . .        l - +4 broad axe (elec)
rCold   + . .        c - +0 buckler
rNeg    + + +        q - +0 plate armour
rPois   inf          (helmet restricted)
rElec   +            w - +0 cloak of Light {rPois rF- Str+7}
rCorr   .            r - +2 pair of gloves
SInv    .            y - +1 pair of boots
Will    ++...        h - amulet "Zihual" {Faith rN++ Int-5} Stlth
                     z - +6 ring of intelligence
HPRegen 0.35/turn    B - ring of willpower
MPRegen 0.17/turn

%: faith
@: about to teleport, heroic, finesse-ful, grasped by roots, flying, constricted
A: sickness immunity, AC +10, big wings, negative energy resistance 1,
electricity resistance, torment resistance 1, petrification resistance, horns 1,
thin skeletal structure 1, clumsy 1, cold resistance 1
a: Renounce Religion, Heroism, Finesse


You were on level 12 of the Dungeon.
You worshipped Okawaru.
Okawaru was greatly pleased with you.
You visited 2 branches of the dungeon, and saw 17 of its levels.

You collected 1171 gold pieces.
You spent 348 gold pieces at shops.


Innate Abilities, Weirdness & Mutations

You are immune to sickness and miasma.
Your stone body is resilient. (AC +10)
You are immune to poison.
Your large and strong wings let you fly.
You resist negative energy. (rN+)
You are resistant to electric shocks. (rElec)
You are resistant to unholy torment.
You are immune to petrification.
You have a pair of small horns on your head.
You have a somewhat thin skeletal structure. (Dex +2, Stealth+)
You are clumsy. (Dex -2)
Your flesh is cold resistant. (rC+)


   Skills:
 - Level 12.0(17.0) Fighting
 + Level 15.6(20.6) Axes
 - Level 5.1(10.1) Throwing
 - Level 11.0(16.0) Armour
 - Level 3.1(8.1) Dodging
 - Level 7.3(12.3) Shields
 - Level 10.0 Invocations


You had 13 spell levels left.
You didn't know any spells.
Your spell library was empty.

Inventory:

Hand Weapons
 i - the +6 war axe of Foleima {heavy, rC+ Str-3 Dex+3}
   (Okawaru gifted it to you on level 10 of the Dungeon)

   Str:       It affects your strength (-3).
   Dex:       It affects your dexterity (+3).
   rC:        It protects you from cold.
 l - a +4 broad axe of electrocution (weapon)
 t - a +0 morningstar
Missiles
 C - 6 boomerangs (quivered)
 F - a javelin
Armour
 c - a +0 buckler (worn)
 q - a +0 plate armour (worn)
 r - a +2 pair of gloves (worn)
 w - the +0 cloak of Light (worn) {rPois rF- Str+7}
   (Okawaru gifted it to you on level 1 of the Lair of Beasts)

   Str:       It affects your strength (+7).
   rF:        It makes you vulnerable to fire.
   rPois:     It protects you from poison.
 y - a +1 pair of boots (worn)
 E - a +1 plate armour of poison resistance
Jewellery
 f - a ring of positive energy
 h - the amulet "Zihual" (around neck) {Faith rN++ Int-5}
   (You found it on level 4 of the Dungeon)

   [amulet of faith]

   It allows you to gain divine favour quickly.
   Int:       It affects your intelligence (-5).
   rN:        It greatly protects you from negative energy.
 k - an amulet of regeneration
 u - a ring of resist corrosion
 z - a +6 ring of intelligence (left hand)
 A - the amulet of the Greedy {Faith Dex+2}
   (You found it on level 4 of the Lair of Beasts)

   [amulet of faith]

   It allows you to gain divine favour quickly.
   Dex:       It affects your dexterity (+2).
 B - a ring of willpower (right hand)
 Y - a ring of ice
Wands
 g - a wand of digging (8)
Scrolls
 a - 11 scrolls of identify
 m - 4 scrolls of teleportation
Potions
 b - 3 potions of magic
 d - 2 potions of might
 e - 3 potions of haste
 j - 3 potions of attraction
 n - 7 potions of curing
 o - 2 potions of heal wounds
 p - a potion of lignification
 s - a potion of resistance
 v - a potion of enlightenment
 x - a potion of mutation

Dungeon Overview and Level Annotations

Branches:
Dungeon (12/15)            Temple (0/1) D:4            Lair (5/5) D:11
  Swamp (0/4) Lair:2       Spider (0/4) Lair:2        Slime (0/5) Lair:5
    Orc (0/2) D:12

Altars:
Ashenzari
Cheibriados
Elyvilon
Gozag
Hepliaklqana
Kikubaaqudgha
Okawaru
Trog
Jiyva

Shops:
D:4 [==?   D:5 *   D:6 ?

Annotations:
D:3 exclusion: 2 rats
D:10 2 transporters, qw's ghost, journeyman GrFi
D:12 Jorgrun


Message History

You can now deal lightning-fast blows.
You can no longer enter into single combat with a foe.
Okawaru will no longer gift you equipment.
Jorgrun points at you and mumbles some strange words.
Roots burst forth from the earth!
The grasping roots grab you! The grasping roots constrict you!
Enter note:
Enter note:
Enter note:
Enter note:
Enter note:
Enter note:
Enter note:
Enter note:
Enter note: You escape the roots grasp.
You feel like a meek peon again. Jorgrun casts a spell at you.
The entropic shot hits you!
17933 ||| INVOKING Heroism.
You gain the combat prowess of a mighty hero.
You closely miss Jorgrun. Jorgrun gestures at you while chanting.
Roots burst forth from the earth!
The grasping roots grab you! The grasping roots constrict you.
You slash Jorgrun!
Jorgrun is lightly wounded.
You open Jorgrun like a pillowcase!!!
Jorgrun is heavily wounded.
Jorgrun says, "A few more walls knocked out 'ere an' thar an' 'tis whole place will come crashin' down."
Jorgrun completely misses you. Jorgrun hits you with a staff of earth!
The grasping roots constrict you!
17937 ||| READING 5 scrolls of teleportation.
As you read the scroll of teleportation, it crumbles to dust.
You feel strangely unstable. Jorgrun casts a spell at you.
You block the entropic shot. The grasping roots constrict you!
You die...

##############
##########...........#.
#......................
#...................|.[
#..........#######.....
#....g@....# #......
#######...## #......
##..# #...... #..#
#...... #..# ####...
#..# ###. #..## ##
#...# ##. ##..# ##..


You could see Jorgrun.

Vanquished Creatures
  Rupert (D:12)
  Kirke (Lair:5)
  5 hydras
  A merfolk avatar (Lair:5)
  Erica (D:8)
  A two-headed ogre (D:11)
  2 boulder beetles (D:12)
  Nergalle (Lair:3)
  Urug (D:10)
  A skyshark (Lair:5)
  2 skeletal warriors (D:12)
  4 manticores
  A wolf spider (Lair:5)
  A cyclops (D:12)
  8 elephants
  5 black mambas
  12 cane toads
  4 gargoyles
  An unseen horror (D:11)
  2 rime drakes
  8 komodo dragons
  A troll (D:11)
  2 polar bears
  14 blink frogs
  A hornet (Lair:2)
  Grinder (D:6)
  5 dream sheep (Lair:4)
  A snapping turtle (Lair:5)
  3 slime creatures
  4 shadows
  10 wyverns
  A vampire (D:11)
  2 wraiths
  59 yaks
  13 vampire mosquitoes
  5 basilisks
  2 steam dragons
  4 hogs (Lair:5)
  Menkaure (D:6)
  3 swamp worms (Lair:2)
  An acid dragon (D:9)
  11 water moccasins
  A swamp drake (D:11)
  2 ice beasts
  3 sky beasts
  6 orc warriors
  3 black bears
  9 centaurs
  23 wolves
  A phantom (D:5)
  A kobold brigand (D:10)
  14 bullfrogs
  A scorpion (D:7)
  9 wights (D:8)
  40 killer bees
  2 howler monkeys
  3 hounds
  3 jellies (Lair:5)
  3 orc priests
  3 iguanas
  4 orc wizards
  8 adders
  3 shadow imps
  A white imp (D:6)
  2 ufetubi
  2 worms (D:2)
  3 dart slugs
  44 orcs
  3 ball pythons
  4 bats
  6 endoplasms
  5 giant cockroaches
  12 goblins
  13 hobgoblins
  3 jackals (D:3)
  13 kobolds
  5 quokkas
  8 frilled lizards
  12 rats
485 creatures vanquished.

Vanquished Creatures (others)
  A black mamba (Lair:5)
1 creature vanquished.

Grand Total: 486 creatures vanquished

Notes
Turn   | Place    | Note
-------+----------+-------------------------------------------
     0 | D:1      | qw the Gargoyle Fighter began the quest for the Orb.
     0 | D:1      | Reached XP level 1. HP: 14/14 MP: 1/1
     0 | D:1      | 0 ||| qw: Version: 0.3-a-32-g5962c71
     0 | D:1      | 0 ||| qw: Game counter: 7612
     0 | D:1      | 0 ||| qw: Melee chars always use a shield: true
     0 | D:1      | 0 ||| qw: God list: Okawaru
     0 | D:1      | 0 ||| qw: Allow faded altars: false
     0 | D:1      | 0 ||| qw: Do Orc after clearing Dungeon:15 true
     0 | D:1      | 0 ||| qw: Do second Lair branch before Depths: true
     0 | D:1      | 0 ||| qw: Lair rune preference: random
     0 | D:1      | 0 ||| qw: Goals: Normal, Zot:1-4, Slime:5, God:TSO, Crypt,
                  | Tomb, Abyss, Pan, Hells, Win
     0 | D:1      | 0 ||| PLANNING D:1-11
    67 | D:1      | Reached skill level 2 in Axes
   215 | D:1      | Reached XP level 2. HP: 19/19 MP: 2/2
   753 | D:1      | Reached skill level 3 in Axes
   761 | D:1      | 761 ||| UPGRADING to +0 chain mail.
   771 | D:1      | 771 ||| DROPPING +0 scale mail.
   772 | D:1      | 772 ||| READING scroll labelled KICSACISESS.
   807 | D:2      | Reached XP level 3. HP: 23/23 MP: 3/3
   869 | D:2      | Reached XP level 4. HP: 25/28 MP: 4/4
   986 | D:2      | 986 ||| Stepping ~*~*~tactically~*~*~ (stealth).
   999 | D:2      | Reached skill level 4 in Axes
  1114 | D:2      | Found a faded altar of an unknown god.
  1346 | D:2      | 1346 ||| READING 2 scrolls labelled RIUNAE XUCWEH.
  1347 | D:2      | 1347 ||| READING 2 scrolls labelled HUBLECLIOMM.
  1348 | D:2      | 1348 ||| READING scroll labelled JATTI PIOPPO.
  1349 | D:2      | 1349 ||| DROPPING scroll of revelation.
  1430 | D:3      | Found an ancient bone altar of Kikubaaqudgha.
  1591 | D:3      | Reached XP level 5. HP: 32/32 MP: 5/5
  1623 | D:3      | 1623 ||| Stepping ~*~*~tactically~*~*~ (stealth).
  1626 | D:3      | 1626 ||| Stepping ~*~*~tactically~*~*~ (stealth).
  1627 | D:3      | 1627 ||| Stepping ~*~*~tactically~*~*~ (stealth).
  1678 | D:3      | Found a hazy altar of Hepliaklqana.
  1678 | D:3      | Found a broken altar of Ashenzari.
  1679 | D:3      | Found a snail-covered altar of Cheibriados.
  1752 | D:3      | Found an iron altar of Okawaru.
  1752 | D:3      | Found an opulent altar of Gozag.
  1753 | D:3      | 1753 ||| PLANNING OKAWARU WORSHIP
  1753 | D:3      | 1753 ||| READING scroll labelled WYILOK VIFU.
  1754 | D:3      | 1754 ||| READING scroll labelled XUSTRE HIET.
  1758 | D:3      | Became a worshipper of Warmaster Okawaru
  1759 | D:3      | 1759 ||| PLANNING D:1-11
  1902 | D:3      | 1902 ||| DROPPING +0 club.
  2008 | D:3      | 2008 ||| READING 3 scrolls labelled OMEUNNAU EROT.
  2013 | D:3      | 2013 ||| READING scroll labelled GIREKENI ZIAR.
  2014 | D:3      | 2014 ||| READING scroll labelled ECOANAL DANUMOGENG.
  2015 | D:3      | 2015 ||| READING 3 scrolls of identify.
  2015 | D:3      | 2015 ||| IDENTIFYING emerald potion
  2016 | D:3      | 2016 ||| READING 2 scrolls of identify.
  2016 | D:3      | 2016 ||| IDENTIFYING metallic grey potion
  2017 | D:3      | 2017 ||| DROPPING potion of invisibility.
  2076 | D:4      | 2076 ||| STAIRDANCE
  2085 | D:3      | Reached skill level 5 in Axes
  2163 | D:4      | HP: 7/32 [hound (5)]
  2164 | D:4      | 2164 ||| READING 2 scrolls of teleportation.
  2166 | D:4      | Reached XP level 6. HP: 5/38 MP: 6/6
  2168 | D:4      | 2168 ||| READING scroll of teleportation.
  2333 | D:4      | Found Mys Xosa's Jewellery Shop.
  2347 | D:4      | 2347 ||| SHOPLISTING +5 ring of evasion (360 gold, have
                  | 208).
  2347 | D:4      | 2347 ||| SHOPLISTING +6 ring of dexterity (360 gold, have
                  | 208).
  2347 | D:4      | 2347 ||| SHOPLISTING amulet of Vitality {RegenMP++ Regen++}
                  | (1000 gold, have 208).
  2347 | D:4      | 2347 ||| SHOPLISTING amulet of reflection (300 gold, have
                  | 208).
  2347 | D:4      | 2347 ||| SHOPLISTING brooch of Shielding {Spirit SH+8} (650
                  | gold, have 208).
  2347 | D:4      | 2347 ||| SHOPLISTING ring of fire (250 gold, have 208).
  2347 | D:4      | 2347 ||| BUYING ring of positive energy (200 gold).
  2347 | D:4      | Bought a ring of positive energy for 200 gold pieces
  2347 | D:4      | 2347 ||| SHOPLISTING ring of protection from fire (250
                  | gold, have 8).
  2349 | D:4      | Found a staircase to the Ecumenical Temple.
  2466 | D:4      | Found Logelout's Magic Scroll Emporium.
  2475 | D:4      | 2475 ||| SHOPLISTING scroll of identify (22 gold, have 8).
  2523 | D:4      | 2523 ||| DROPPING +0 whip.
  2534 | D:4      | Noticed a water moccasin
  2547 | D:4      | HP: 7/38 [water moccasin (5)]
  2548 | D:4      | 2548 ||| READING scroll of teleportation.
  2549 | D:4      | HP: 1/38 [water moccasin (5)]
  2766 | D:4      | Found Ecviu's Jewellery Shoppe.
  2774 | D:4      | 2774 ||| SHOPLISTING +6 ring of dexterity (396 gold, have
                  | 8).
  2774 | D:4      | 2774 ||| SHOPLISTING +6 ring of strength (396 gold, have
                  | 8).
  2774 | D:4      | 2774 ||| SHOPLISTING ring of fire (275 gold, have 8).
  2798 | D:4      | 2798 ||| Stepping ~*~*~tactically~*~*~ (stealth).
  2832 | D:4      | Found Xes Lag's Armour Emporium.
  2856 | D:4      | Identified the amulet "Zihual" {Faith rN++ Int-5}
  2908 | D:4      | 2908 ||| SHOPLISTING +1 pair of boots of rampaging (198
                  | gold, have 24).
  2908 | D:4      | 2908 ||| SHOPLISTING +1 plate armour of willpower (420
                  | gold, have 24).
  2995 | D:4      | Killed a water moccasin
  2995 | D:4      | Reached * piety under Okawaru
  3159 | D:4      | 3159 ||| UPGRADING to amulet "Zihual" {Faith rN++ Int-5}.
  3164 | D:4      | 3164 ||| READING 4 scrolls of identify.
  3164 | D:4      | 3164 ||| IDENTIFYING bubbling amethyst potion
  3165 | D:4      | 3165 ||| DROPPING potion of degeneration.
  3202 | D:5      | Entered Level 5 of the Dungeon
  3204 | D:5      | 3204 ||| STAIRDANCE
  3206 | D:4      | 3206 ||| INVOKING Heroism.
  3215 | D:4      | Reached skill level 6 in Axes
  3306 | D:5      | 3306 ||| Stepping ~*~*~tactically~*~*~ (hiding).
  3326 | D:5      | Reached skill level 1 in Dodging
  3374 | D:5      | Reached skill level 1 in Invocations
  3374 | D:5      | Reached XP level 7. HP: 38/43 MP: 6/8
  3423 | D:5      | Found Owenlen's Gadget Gallery.
  3432 | D:5      | 3432 ||| SHOPLISTING wand of digging (8) (470 gold, have
                  | 34).
  3772 | D:5      | 3772 ||| READING scroll of enchant weapon.
  3772 | D:5      | 3772 ||| ENCHANTING +1 war axe.
  4022 | D:5      | 4022 ||| READING scroll labelled PIURPH ZODDARIR.
  4023 | D:5      | 4023 ||| READING 3 scrolls of identify.
  4023 | D:5      | 4023 ||| IDENTIFYING dark potion
  4024 | D:5      | 4024 ||| READING 2 scrolls of identify.
  4024 | D:5      | 4024 ||| IDENTIFYING orange potion
  4025 | D:5      | 4025 ||| DROPPING potion of brilliance.
  4101 | D:6      | Found Usadghak's Magic Scroll Shoppe.
  4107 | D:6      | 4107 ||| BUYING 3 scrolls of identify (66 gold).
  4107 | D:6      | Bought 3 scrolls of identify for 66 gold pieces
  4107 | D:6      | 4107 ||| BUYING scroll of enchant weapon (82 gold).
  4107 | D:6      | Bought a scroll of enchant weapon for 82 gold pieces
  4107 | D:6      | 4107 ||| SHOPLISTING scroll of identify (22 gold, have 11).
  4107 | D:6      | 4107 ||| READING scroll of enchant weapon.
  4107 | D:6      | 4107 ||| ENCHANTING +2 war axe of freezing.
  4132 | D:6      | Identified the +3 robe of Histrionic Knowledge {rElec rPois
                  | rF+++ rC-}
  4158 | D:6      | Noticed Grinder
  4158 | D:6      | Noticed Menkaure
  4159 | D:6      | 4159 ||| INVOKING Heroism.
  4161 | D:6      | 4161 ||| Stepping ~*~*~tactically~*~*~ (hiding).
  4170 | D:6      | Killed Grinder
  4171 | D:6      | Reached skill level 3 in Invocations
  4173 | D:6      | Killed Menkaure
  4173 | D:6      | Reached ** piety under Okawaru
  4174 | D:6      | Reached skill level 7 in Axes
  4174 | D:6      | Reached XP level 8. HP: 40/48 MP: 7/11
  4215 | D:6      | 4215 ||| Stepping ~*~*~tactically~*~*~ (stealth).
  4216 | D:6      | 4216 ||| Stepping ~*~*~tactically~*~*~ (stealth).
  4256 | D:6      | 4256 ||| Stepping ~*~*~tactically~*~*~ (hiding).
  4287 | D:6      | 4287 ||| Stepping ~*~*~tactically~*~*~ (hiding).
  4288 | D:6      | 4288 ||| Stepping ~*~*~tactically~*~*~ (hiding).
  4632 | D:6      | 4632 ||| READING scroll labelled GIERETA ZUFA.
  4632 | D:6      | Identified a scroll of acquirement
  4632 | D:6      | 4632 ||| ACQUIRING amulet "Xierezoi" {rPois Regen+}
  4632 | D:6      | Acquired the amulet "Xierezoi" {rPois Regen+}
  4634 | D:6      | 4634 ||| DROPPING amulet of guardian spirit.
  4635 | D:6      | 4635 ||| READING scroll labelled VUXIAMOZIEXY.
  4664 | D:6      | 4664 ||| READING 6 scrolls of identify.
  4664 | D:6      | 4664 ||| IDENTIFYING glowing ruby potion
  4698 | D:7      | 4698 ||| Stepping ~*~*~tactically~*~*~ (hiding).
  4699 | D:7      | 4699 ||| Stepping ~*~*~tactically~*~*~ (hiding).
  4700 | D:7      | 4700 ||| Stepping ~*~*~tactically~*~*~ (hiding).
  4739 | D:7      | 4739 ||| FLEEEEING.
  4757 | D:7      | 4757 ||| FLEEEEING.
  4758 | D:7      | 4758 ||| STAIRDANCE
  4793 | D:7      | 4793 ||| INVOKING Heroism.
  4796 | D:7      | Reached skill level 1 in Throwing
  4800 | D:7      | Reached *** piety under Okawaru
  4801 | D:7      | Reached skill level 8 in Axes
  4801 | D:7      | 4801 ||| Stepping ~*~*~tactically~*~*~ (cloud).
  4802 | D:7      | 4802 ||| Stepping ~*~*~tactically~*~*~ (cloud).
  4896 | D:7      | Reached skill level 6 in Fighting
  5033 | D:7      | 5033 ||| Stepping ~*~*~tactically~*~*~ (stealth).
  5043 | D:7      | Reached XP level 9. HP: 55/55 MP: 12/12
  5060 | D:7      | 5060 ||| Stepping ~*~*~tactically~*~*~ (hiding).
  5061 | D:7      | 5061 ||| Stepping ~*~*~tactically~*~*~ (hiding).
  5248 | D:7      | 5248 ||| DROPPING +0 hammer.
  5249 | D:7      | 5249 ||| READING 5 scrolls of identify.
  5249 | D:7      | 5249 ||| IDENTIFYING white potion
  5402 | D:8      | 5402 ||| Stepping ~*~*~tactically~*~*~ (stealth).
  5403 | D:8      | 5403 ||| Stepping ~*~*~tactically~*~*~ (stealth).
  5404 | D:8      | 5404 ||| INVOKING Heroism.
  5482 | D:8      | Noticed Erica
  5483 | D:8      | 5483 ||| INVOKING Heroism.
  5493 | D:8      | Killed Erica
  5493 | D:8      | Reached **** piety under Okawaru
  5494 | D:8      | Reached skill level 9 in Axes
  5732 | D:8      | Found a white marble altar of Elyvilon.
  6100 | D:8      | Noticed a gargoyle
  6105 | D:8      | 6105 ||| INVOKING Heroism.
  6109 | D:8      | Killed a gargoyle
  6110 | D:8      | Reached skill level 6 in Invocations
  6110 | D:8      | Reached XP level 10. HP: 45/63 MP: 11/14
  6412 | D:8      | 6412 ||| DROPPING +3 robe of Histrionic Knowledge {rElec
                  | rPois rF+++ rC-}.
  6413 | D:8      | 6413 ||| UPGRADING to +0 plate armour.
  6423 | D:8      | 6423 ||| DROPPING +0 chain mail.
  6424 | D:8      | 6424 ||| DROPPING amulet "Xierezoi" {rPois Regen+}.
  6425 | D:8      | 6425 ||| UPGRADING to ring of resist corrosion.
  6426 | D:8      | 6426 ||| READING scroll labelled PUYMUI INKUS.
  6427 | D:8      | 6427 ||| READING scroll labelled OWE OCLAZACE.
  6428 | D:8      | 6428 ||| DRINKING 2 clear potions.
  6428 | D:8      | Gained mutation: You have a beak for a mouth. [potion of
                  | mutation]
  6428 | D:8      | Gained mutation: You are vulnerable to cold. (rC-) [potion
                  | of mutation]
  6429 | D:8      | 6429 ||| DRINKING potion of mutation.
  6429 | D:8      | Lost mutation: You have a beak for a mouth. [potion of
                  | mutation]
  6429 | D:8      | Lost mutation: You are vulnerable to cold. (rC-) [potion of
                  | mutation]
  6429 | D:8      | Gained mutation: You have a pair of small horns on your
                  | head. [potion of mutation]
  6429 | D:8      | Gained mutation: Your flesh is cold resistant. (rC+)
                  | [potion of mutation]
  6429 | D:8      | Gained mutation: You are clumsy. (Dex -2) [potion of
                  | mutation]
  6429 | D:8      | Gained mutation: You have a somewhat thin skeletal
                  | structure. (Dex +2, Stealth+) [potion of mutation]
  6461 | D:9      | You fall into a shaft and drop 3 floors!
  6468 | D:12     | Noticed a manticore
  6469 | D:12     | 6469 ||| INVOKING Heroism.
  6470 | D:12     | Noticed a boulder beetle
  6477 | D:12     | Killed a manticore
  6477 | D:12     | Reached ***** piety under Okawaru
  6478 | D:12     | 6478 ||| INVOKING Finesse.
  6482 | D:12     | Killed a boulder beetle
  6483 | D:12     | Reached skill level 10 in Axes
  6697 | D:11     | Killed an unseen horror
  6796 | D:11     | Noticed a gargoyle
  6803 | D:11     | 6803 ||| INVOKING Heroism.
  6807 | D:11     | Killed a gargoyle
  6942 | D:10     | Entered Level 10 of the Dungeon
  7214 | D:9      | 7214 ||| INVOKING Heroism.
  7220 | D:9      | Reached skill level 9 in Invocations
  7459 | D:9      | 7459 ||| READING 8 scrolls of identify.
  7459 | D:9      | 7459 ||| IDENTIFYING brown potion
  7485 | D:10     | 7485 ||| Stepping ~*~*~tactically~*~*~ (stealth).
  7491 | D:10     | Reached skill level 6 in Armour
  7491 | D:10     | Reached XP level 11. HP: 63/68 MP: 17/17
  7501 | D:10     | 7501 ||| INVOKING Heroism.
  7514 | D:10     | Identified the +6 war axe of Foleima {heavy, rC+ Str-3
                  | Dex+3} (Okawaru gifted it to you on level 10 of the
                  | Dungeon)
  7514 | D:10     | Received a gift from Okawaru
  7524 | D:10     | Reached ****** piety under Okawaru
  7667 | D:10     | 7667 ||| SWAPPING to +6 war axe of Foleima {heavy, rC+
                  | Str-3 Dex+3}.
  7696 | D:10     | 7696 ||| INVOKING Heroism.
  7785 | D:10     | Noticed Urug
  7786 | D:10     | 7786 ||| INVOKING Heroism.
  7787 | D:10     | 7787 ||| INVOKING Finesse.
  7796 | D:10     | Killed Urug
  7973 | D:10     | 7973 ||| Stepping ~*~*~tactically~*~*~ (stealth).
  7974 | D:10     | 7974 ||| Stepping ~*~*~tactically~*~*~ (stealth).
  7975 | D:10     | 7975 ||| Stepping ~*~*~tactically~*~*~ (stealth).
  7977 | D:10     | 7977 ||| Stepping ~*~*~tactically~*~*~ (stealth).
  7985 | D:10     | Reached skill level 11 in Axes
  7985 | D:10     | 7985 ||| INVOKING Heroism.
  7987 | D:10     | Received a gift from Okawaru
  8110 | D:10     | Found a transporter.
  8110 | D:10     | Found a transporter.
  8113 | D:10     | Noticed qw's ghost (journeyman GrFi)
  8121 | D:10     | 8121 ||| Stepping ~*~*~tactically~*~*~ (hiding).
  8122 | D:10     | 8122 ||| Stepping ~*~*~tactically~*~*~ (hiding).
  8137 | D:10     | 8137 ||| Stepping ~*~*~tactically~*~*~ (hiding).
  8388 | D:10     | Noticed a moth of wrath
  8392 | D:10     | Found a bloodstained altar of Trog.
  8403 | D:10     | Noticed a two-headed ogre
  8423 | D:10     | 8423 ||| READING 7 scrolls of identify.
  8423 | D:10     | 8423 ||| IDENTIFYING metallic puce potion
  8522 | D:11     | Reached skill level 3 in Throwing
  8609 | D:11     | Found a white marble altar of Elyvilon.
  8670 | D:11     | 8670 ||| DROPPING +0 flail.
  8733 | D:11     | 8733 ||| INVOKING Heroism.
  8739 | D:11     | Noticed a two-headed ogre
  8748 | D:11     | HP: 15/69 [two-headed ogre/+0 giant spiked club (20)]
  8749 | D:11     | 8749 ||| READING 4 scrolls of teleportation.
  8750 | D:11     | 8750 ||| DRINKING 3 potions of heal wounds.
  8751 | D:11     | Killed a two-headed ogre
  8752 | D:11     | Reached skill level 9 in Fighting
  8892 | D:11     | 8892 ||| INVOKING Heroism.
  9008 | D:11     | 9008 ||| INVOKING Heroism.
  9014 | D:11     | Identified the +6 battleaxe "Mopnauna" {spect, rElec rF++
                  | Str+2} (Okawaru gifted it to you on level 11 of the
                  | Dungeon)
  9014 | D:11     | Received a gift from Okawaru
  9047 | D:11     | 9047 ||| INVOKING Heroism.
  9052 | D:11     | Reached XP level 12. HP: 76/76 MP: 16/19
  9123 | D:11     | Found a staircase to the Lair.
  9188 | D:11     | 9188 ||| Stepping ~*~*~tactically~*~*~ (hiding).
  9202 | D:11     | 9202 ||| INVOKING Heroism.
  9540 | D:11     | 9540 ||| PLANNING LAIR
  9540 | D:11     | 9540 ||| READING 7 scrolls of identify.
  9540 | D:11     | 9540 ||| IDENTIFYING cyan potion
  9541 | D:11     | 9541 ||| DROPPING potion of berserk rage.
  9625 | Lair:1   | Entered Level 1 of the Lair of Beasts
  9844 | Lair:1   | 9844 ||| Stepping ~*~*~tactically~*~*~ (hiding).
  9849 | Lair:1   | Reached skill level 12 in Axes
  9931 | Lair:1   | 9931 ||| INVOKING Heroism.
  9935 | Lair:1   | Reached skill level 6 in Shields
  9936 | Lair:1   | Received a gift from Okawaru
 10574 | Lair:1   | 10574 ||| INVOKING Heroism.
 10586 | Lair:1   | Identified the +0 cloak of Light {rPois rF- Str+7} (Okawaru
                  | gifted it to you on level 1 of the Lair of Beasts)
 10586 | Lair:1   | Received a gift from Okawaru
 10945 | Lair:1   | 10945 ||| UPGRADING to +0 cloak of Light {rPois rF- Str+7}.
 10950 | Lair:1   | 10950 ||| UPGRADING to ring of ice.
 10951 | Lair:1   | 10951 ||| READING scroll labelled DANOPI INIMAO.
 11021 | Lair:2   | Found a hole to the Spider Nest.
 11025 | Lair:2   | 11025 ||| INVOKING Heroism.
 11089 | Lair:2   | 11089 ||| Stepping ~*~*~tactically~*~*~ (stealth).
 11113 | Lair:2   | 11113 ||| Stepping ~*~*~tactically~*~*~ (stealth).
 11181 | Lair:2   | 11181 ||| Stepping ~*~*~tactically~*~*~ (stealth).
 11182 | Lair:2   | 11182 ||| INVOKING Heroism.
 11186 | Lair:2   | 11186 ||| Stepping ~*~*~tactically~*~*~ (stealth).
 11201 | Lair:2   | Reached skill level 13 in Axes
 11215 | Lair:2   | 11215 ||| Stepping ~*~*~tactically~*~*~ (stealth).
 11233 | Lair:2   | 11233 ||| Stepping ~*~*~tactically~*~*~ (stealth).
 11234 | Lair:2   | 11234 ||| Stepping ~*~*~tactically~*~*~ (stealth).
 11238 | Lair:2   | 11238 ||| Stepping ~*~*~tactically~*~*~ (stealth).
 11245 | Lair:2   | Reached skill level 3 in Dodging
 11283 | Lair:2   | 11283 ||| Stepping ~*~*~tactically~*~*~ (hiding).
 11285 | Lair:2   | 11285 ||| Stepping ~*~*~tactically~*~*~ (hiding).
 11286 | Lair:2   | 11286 ||| INVOKING Heroism.
 11557 | Lair:2   | 11557 ||| Stepping ~*~*~tactically~*~*~ (stealth).
 11562 | Lair:2   | 11562 ||| INVOKING Heroism.
 11563 | Lair:2   | Noticed a five-headed hydra
 11564 | Lair:2   | 11564 ||| Stepping ~*~*~tactically~*~*~ (water).
 11565 | Lair:2   | 11565 ||| INVOKING Finesse.
 11567 | Lair:2   | Reached XP level 13. HP: 82/82 MP: 12/20
 11569 | Lair:2   | 11569 ||| SWAPPING to +0 morningstar.
 11572 | Lair:2   | 11572 ||| Stepping ~*~*~tactically~*~*~ (water).
 11584 | Lair:2   | 11584 ||| SWAPPING to +6 war axe of Foleima {heavy, rC+
                  | Str-3 Dex+3}.
 11590 | Lair:2   | 11590 ||| Stepping ~*~*~tactically~*~*~ (stealth).
 11610 | Lair:2   | 11610 ||| INVOKING Finesse.
 11615 | Lair:2   | 11615 ||| SWAPPING to +0 morningstar.
 11617 | Lair:2   | 11617 ||| SWAPPING to +6 war axe of Foleima {heavy, rC+
                  | Str-3 Dex+3}.
 11654 | Lair:2   | 11654 ||| Stepping ~*~*~tactically~*~*~ (stealth).
 11720 | Lair:2   | Found a staircase to the Swamp.
 11721 | Lair:2   | 11721 ||| INVOKING Heroism.
 11847 | Lair:2   | Reached skill level 9 in Armour
 11848 | Lair:2   | 11848 ||| Stepping ~*~*~tactically~*~*~ (stealth).
 11850 | Lair:2   | 11850 ||| Stepping ~*~*~tactically~*~*~ (stealth).
 11853 | Lair:2   | 11853 ||| Stepping ~*~*~tactically~*~*~ (stealth).
 11855 | Lair:2   | 11855 ||| Stepping ~*~*~tactically~*~*~ (stealth).
 11924 | Lair:2   | 11924 ||| Stepping ~*~*~tactically~*~*~ (water).
 12243 | Lair:2   | 12243 ||| UPGRADING to +0 pair of gloves.
 12248 | Lair:2   | 12248 ||| READING scroll labelled KODAOW CIAWN.
 12349 | Lair:2   | 12349 ||| READING scroll labelled QEITUL GAON.
 12378 | Lair:3   | 12378 ||| INVOKING Heroism.
 12542 | Lair:3   | 12542 ||| Stepping ~*~*~tactically~*~*~ (stealth).
 12547 | Lair:3   | 12547 ||| Stepping ~*~*~tactically~*~*~ (stealth).
 12550 | Lair:3   | 12550 ||| Stepping ~*~*~tactically~*~*~ (stealth).
 12551 | Lair:3   | 12551 ||| Stepping ~*~*~tactically~*~*~ (stealth).
 12564 | Lair:3   | 12564 ||| INVOKING Heroism.
 12567 | Lair:3   | Reached skill level 14 in Axes
 12755 | Lair:3   | 12755 ||| INVOKING Heroism.
 12927 | Lair:3   | 12927 ||| Stepping ~*~*~tactically~*~*~ (stealth).
 12928 | Lair:3   | 12928 ||| Stepping ~*~*~tactically~*~*~ (stealth).
 12929 | Lair:3   | 12929 ||| Stepping ~*~*~tactically~*~*~ (stealth).
 12931 | Lair:3   | 12931 ||| Stepping ~*~*~tactically~*~*~ (stealth).
 12933 | Lair:3   | 12933 ||| Stepping ~*~*~tactically~*~*~ (stealth).
 12936 | Lair:3   | 12936 ||| INVOKING Heroism.
 12941 | Lair:3   | Received a gift from Okawaru
 12945 | Lair:3   | 12945 ||| INVOKING Finesse.
 12952 | Lair:3   | 12952 ||| Stepping ~*~*~tactically~*~*~ (stealth).
 12953 | Lair:3   | 12953 ||| SWAPPING to +0 morningstar.
 12958 | Lair:3   | 12958 ||| SWAPPING to +6 war axe of Foleima {heavy, rC+
                  | Str-3 Dex+3}.
 13072 | Lair:3   | 13072 ||| SWAPPING to +4 broad axe of electrocution.
 13073 | Lair:3   | 13073 ||| DROPPING +3 war axe of freezing.
 13131 | Lair:3   | 13131 ||| Stepping ~*~*~tactically~*~*~ (stealth).
 13148 | Lair:3   | 13148 ||| INVOKING Heroism.
 13461 | Lair:3   | 13461 ||| Stepping ~*~*~tactically~*~*~ (stealth).
 13495 | Lair:3   | 13495 ||| Stepping ~*~*~tactically~*~*~ (stealth).
 13567 | Lair:3   | Noticed Nergalle
 13568 | Lair:3   | 13568 ||| INVOKING Heroism.
 13576 | Lair:3   | Killed Nergalle
 13764 | Lair:3   | Identified the ring of Panentheism {MP+9 Str-5 Int+5}
 13932 | Lair:3   | 13932 ||| DROPPING ring of Panentheism {MP+9 Str-5 Int+5}.
 13933 | Lair:3   | 13933 ||| UPGRADING to +6 ring of intelligence.
 13935 | Lair:3   | 13935 ||| READING 8 scrolls of identify.
 13935 | Lair:3   | 13935 ||| IDENTIFYING golden potion
 13936 | Lair:3   | 13936 ||| READING 7 scrolls of identify.
 13936 | Lair:3   | 13936 ||| IDENTIFYING murky dark potion
 14165 | Lair:4   | 14165 ||| INVOKING Heroism.
 14342 | Lair:4   | 14342 ||| Stepping ~*~*~tactically~*~*~ (stealth).
 14356 | Lair:4   | 14356 ||| Stepping ~*~*~tactically~*~*~ (stealth).
 14357 | Lair:4   | 14357 ||| Stepping ~*~*~tactically~*~*~ (stealth).
 14360 | Lair:4   | 14360 ||| Stepping ~*~*~tactically~*~*~ (stealth).
 14420 | Lair:4   | 14420 ||| INVOKING Heroism.
 14421 | Lair:4   | 14421 ||| INVOKING Finesse.
 14427 | Lair:4   | 14427 ||| SWAPPING to +0 morningstar.
 14434 | Lair:4   | 14434 ||| SWAPPING to +4 broad axe of electrocution.
 14539 | Lair:4   | 14539 ||| INVOKING Heroism.
 14571 | Lair:4   | 14571 ||| Stepping ~*~*~tactically~*~*~ (hiding).
 14629 | Lair:4   | 14629 ||| Stepping ~*~*~tactically~*~*~ (stealth).
 14638 | Lair:4   | Gained mutation: Your large and strong wings let you fly.
                  | [Gargoyle growth]
 14638 | Lair:4   | Reached XP level 14. HP: 90/90 MP: 21/21
 14649 | Lair:4   | Identified the amulet of the Greedy {Faith Dex+2}
 14687 | Lair:4   | 14687 ||| DROPPING +1 flail of protection.
 14718 | Lair:4   | Received a gift from Okawaru
 14781 | Lair:4   | Identified the +5 halberd of the Unspeakable One {freeze,
                  | rCorr}
 15004 | Lair:4   | 15004 ||| UPGRADING to +2 pair of gloves.
 15014 | Lair:4   | 15014 ||| DROPPING +0 pair of gloves.
 15015 | Lair:4   | 15015 ||| UPGRADING to +0 pair of boots.
 15025 | Lair:5   | Entered Level 5 of the Lair of Beasts
 15054 | Lair:5   | Reached skill level 15 in Axes
 15249 | Lair:5   | Received a gift from Okawaru
 15262 | Lair:5   | 15262 ||| Stepping ~*~*~tactically~*~*~ (hiding).
 15272 | Lair:5   | 15272 ||| INVOKING Heroism.
 15421 | Lair:5   | 15421 ||| Stepping ~*~*~tactically~*~*~ (stealth).
 15430 | Lair:5   | Received a gift from Okawaru
 15447 | Lair:5   | 15447 ||| DROPPING +2 war axe of freezing.
 15474 | Lair:5   | Noticed Kirke
 15475 | Lair:5   | 15475 ||| INVOKING Heroism.
 15476 | Lair:5   | 15476 ||| INVOKING Finesse.
 15489 | Lair:5   | 15489 ||| FLEEEEING.
 15490 | Lair:5   | 15490 ||| FLEEEEING.
 15491 | Lair:5   | 15491 ||| FLEEEEING.
 15492 | Lair:5   | 15492 ||| FLEEEEING.
 15493 | Lair:5   | 15493 ||| FLEEEEING.
 15494 | Lair:5   | 15494 ||| FLEEEEING.
 15495 | Lair:5   | 15495 ||| FLEEEEING.
 15497 | Lair:5   | 15497 ||| FLEEEEING.
 15498 | Lair:5   | 15498 ||| FLEEEEING.
 15499 | Lair:5   | Noticed a sphinx
 15499 | Lair:5   | 15499 ||| FLEEEEING.
 15500 | Lair:5   | 15500 ||| FLEEEEING.
 15501 | Lair:5   | 15501 ||| FLEEEEING.
 15502 | Lair:5   | 15502 ||| FLEEEEING.
 15503 | Lair:5   | 15503 ||| FLEEEEING.
 15504 | Lair:5   | 15504 ||| FLEEEEING.
 15519 | Lair:5   | 15519 ||| FLEEEEING.
 15520 | Lair:5   | 15520 ||| FLEEEEING.
 15521 | Lair:5   | 15521 ||| FLEEEEING.
 15522 | Lair:5   | 15522 ||| FLEEEEING.
 15523 | Lair:5   | 15523 ||| FLEEEEING.
 15524 | Lair:5   | 15524 ||| Stepping ~*~*~tactically~*~*~ (hiding).
 15526 | Lair:5   | 15526 ||| DRINKING potion of cancellation.
 15529 | Lair:5   | Paralysed by a sphinx for 4 turns
 15553 | Lair:5   | 15553 ||| FLEEEEING.
 15555 | Lair:5   | 15555 ||| FLEEEEING.
 15556 | Lair:5   | 15556 ||| FLEEEEING.
 15560 | Lair:5   | 15560 ||| FLEEEEING.
 15561 | Lair:5   | 15561 ||| FLEEEEING.
 15563 | Lair:5   | 15563 ||| Stepping ~*~*~tactically~*~*~ (hiding).
 15567 | Lair:5   | 15567 ||| Stepping ~*~*~tactically~*~*~ (hiding).
 15568 | Lair:5   | 15568 ||| INVOKING Heroism.
 15569 | Lair:5   | 15569 ||| INVOKING Finesse.
 15668 | Lair:5   | 15668 ||| Stepping ~*~*~tactically~*~*~ (stealth).
 15697 | Lair:5   | 15697 ||| Stepping ~*~*~tactically~*~*~ (stealth).
 15707 | Lair:5   | 15707 ||| INVOKING Heroism.
 15710 | Lair:5   | 15710 ||| Stepping ~*~*~tactically~*~*~ (cloud).
 15796 | Lair:5   | 15796 ||| Stepping ~*~*~tactically~*~*~ (stealth).
 15974 | Lair:5   | 15974 ||| Stepping ~*~*~tactically~*~*~ (stealth).
 15980 | Lair:5   | 15980 ||| INVOKING Heroism.
 15988 | Lair:5   | Reached skill level 12 in Fighting
 16004 | Lair:5   | 16004 ||| INVOKING Finesse.
 16008 | Lair:5   | 16008 ||| SWAPPING to +0 morningstar.
 16015 | Lair:5   | 16015 ||| SWAPPING to +4 broad axe of electrocution.
 16213 | Lair:5   | Found a viscous altar of Jiyva.
 16285 | Lair:5   | 16285 ||| INVOKING Heroism.
 16286 | Lair:5   | 16286 ||| FLEEEEING.
 16287 | Lair:5   | 16287 ||| FLEEEEING.
 16288 | Lair:5   | 16288 ||| FLEEEEING.
 16302 | Lair:5   | 16302 ||| FLEEEEING.
 16303 | Lair:5   | 16303 ||| FLEEEEING.
 16304 | Lair:5   | 16304 ||| FLEEEEING.
 16305 | Lair:5   | 16305 ||| FLEEEEING.
 16306 | Lair:5   | 16306 ||| FLEEEEING.
 16307 | Lair:5   | 16307 ||| FLEEEEING.
 16359 | Lair:5   | 16359 ||| FLEEEEING.
 16488 | Lair:5   | Found a staircase to the Slime Pits.
 16509 | Lair:5   | 16509 ||| INVOKING Heroism.
 16511 | Lair:5   | 16511 ||| Stepping ~*~*~tactically~*~*~ (stealth).
 16512 | Lair:5   | 16512 ||| Stepping ~*~*~tactically~*~*~ (stealth).
 16514 | Lair:5   | 16514 ||| Stepping ~*~*~tactically~*~*~ (stealth).
 16523 | Lair:5   | Killed Kirke
 16954 | Lair:5   | 16954 ||| PLANNING D
 16954 | Lair:5   | 16954 ||| UPGRADING to ring of willpower.
 16956 | Lair:5   | 16956 ||| READING 12 scrolls of identify.
 16956 | Lair:5   | 16956 ||| IDENTIFYING green potion
 17180 | D:12     | 17180 ||| STAIRDANCE
 17242 | D:12     | 17242 ||| READING scroll of enchant armour.
 17242 | D:12     | 17242 ||| ENCHANTING +0 pair of boots.
 17296 | D:12     | 17296 ||| Stepping ~*~*~tactically~*~*~ (stealth).
 17313 | D:12     | 17313 ||| Stepping ~*~*~tactically~*~*~ (stealth).
 17315 | D:12     | 17315 ||| Stepping ~*~*~tactically~*~*~ (stealth).
 17318 | D:12     | 17318 ||| Stepping ~*~*~tactically~*~*~ (hiding).
 17358 | D:12     | 17358 ||| Stepping ~*~*~tactically~*~*~ (stealth).
 17380 | D:12     | 17380 ||| Stepping ~*~*~tactically~*~*~ (stealth).
 17385 | D:12     | 17385 ||| Stepping ~*~*~tactically~*~*~ (stealth).
 17388 | D:12     | 17388 ||| Stepping ~*~*~tactically~*~*~ (hiding).
 17410 | D:12     | Found a staircase to the Orcish Mines.
 17411 | D:12     | 17411 ||| Stepping ~*~*~tactically~*~*~ (hiding).
 17428 | D:12     | 17428 ||| Stepping ~*~*~tactically~*~*~ (stealth).
 17430 | D:12     | 17430 ||| Stepping ~*~*~tactically~*~*~ (hiding).
 17435 | D:12     | 17435 ||| Stepping ~*~*~tactically~*~*~ (hiding).
 17497 | D:12     | Received a gift from Okawaru
 17600 | D:12     | 17600 ||| Stepping ~*~*~tactically~*~*~ (stealth).
 17602 | D:12     | 17602 ||| INVOKING Heroism.
 17603 | D:12     | 17603 ||| INVOKING Finesse.
 17660 | D:12     | 17660 ||| Stepping ~*~*~tactically~*~*~ (stealth).
 17704 | D:12     | 17704 ||| Stepping ~*~*~tactically~*~*~ (stealth).
 17709 | D:12     | 17709 ||| Stepping ~*~*~tactically~*~*~ (stealth).
 17711 | D:12     | 17711 ||| INVOKING Heroism.
 17727 | D:12     | HP: 20/92 [large slime creature (12)]
 17728 | D:12     | 17728 ||| READING 4 scrolls of teleportation.
 17729 | D:12     | 17729 ||| DRINKING 3 potions of heal wounds.
 17883 | D:12     | Noticed Rupert
 17884 | D:12     | 17884 ||| INVOKING Heroism.
 17890 | D:12     | Killed Rupert
 17927 | D:12     | Noticed Jorgrun
 17929 | D:12     | 17929 ||| Stepping ~*~*~tactically~*~*~ (hiding).
 17930 | D:12     | 17930 ||| INVOKING Finesse.
 17933 | D:12     | 17933 ||| INVOKING Heroism.
 17936 | D:12     | HP: 19/92 [Jorgrun/staff of earth (11)]
 17936 | D:12     | HP: 9/92 [constriction (10)]
 17937 | D:12     | 17937 ||| READING 5 scrolls of teleportation.
 17937 | D:12     | Constricted to death by Jorgrun

Levels and vault maps discovered:
D:1:      dpeg_arrival_subterranean_lakeside_camping, layout_basic,
          corexii_hall_statues_i, st_stairs_5, chequers_serial_rivers_micro_d,
          chequers_serial_rivers_large_a
D:2:      minmay_angry_zag, layout_rooms,
          shapermc_ecumenical_altar_starsandcircs
D:3:      layout_rooms, gammafunk_temple_overflow_wave,
          mainiacjoe_overflow_chevrons, gammafunk_temple_overflow_claw,
          minmay_misc_feat_iff, minmay_joined_circles
D:4:      layout_cave_pools, minmay_temple_entry_trees, serial_bayou,
          serial_bayou_pond_c, serial_bayou_crossing, serial_bayou_lagoon_a,
          serial_bayou_pond_b, serial_bayou_lake_a, serial_bayou_pond_c,
          serial_shops, nicolae_inconvenience_store, nicolae_lakefront_shop,
          nicolae_shop_tiny_waterfront, nicolae_shop_waterfront,
          uniq_crazy_yiuf_cottage
D:5:      layout_basic, minmay_misc_feat_secret_circle, minmay_misc_feat_plants,
          glass_columns_a, nicolae_shop_gadgets
D:6:      layout_rooms, serial_shops, nicolae_diamond_shop,
          chequers_serial_rivers_small_a, ebering_dispersal_statue_hall,
          hex_intersection, uniq_menkaure, uniq_grinder
D:7:      layout_rooms, minmay_crossroads
D:8:      corexii_shack_village, layout_loops_ring,
          mainiacjoe_overflow_alcove_1, uniq_erica
D:9:      layout_basic
D:10:     layout_cave_pools, gammafunk_ghost_wrathful_warriors,
          kennysheep_flooded_box, uniq_urug
D:11:     layout_irregular_city, erik_lair_dragon, nicolae_elyvilon_temple_path
D:12:     layout_cave_pods, hiddenorc2_lemuel, uniq_jorgrun, uniq_rupert
Lair:1:   layout_layer_cave, serial_bayou_pond_d, minmay_hedge_maze,
          lemuel_fruit_tree, serial_bayou_shore_b
Lair:2:   layout_loops_ring, palyth_hydra_swamp_entry,
          spider_nest_entry_web_field, serial_bayou, serial_bayou_pond_a,
          serial_bayou_ford_a, serial_bayou_lagoon_b, serial_bayou_pond_a,
          lemuel_fruit_fields
Lair:3:   wad_woods_minihive, layout_hall_layers, infiniplex_staircase_pool_2,
          uniq_nergalle
Lair:4:   layout_roguey, grunt_megastairs_1, lemuel_fruit_fields
Lair:5:   gammafunk_lair_ancient_temple, layout_cave_pods,
          minmay_slime_entry_pillars, nicolae_lair_run_with_the_wolves,
          uniq_kirke

Skill      XL: |  1  2  3  4  5  6  7  8  9 10 11 12 13 14 |
---------------+-------------------------------------------+-----
Axes           | 2 3 4 5 6 7 8 9 10 11 13 14 15 | 15.6
Fighting       | 4 6 7 8 9 10 11 12 | 12.0
Dodging        | 1 2 3 |  3.1
Invocations    | 1 4 6 9 10 | 10.0
Throwing       | 1 3 4 5 |  5.1
Shields        | 4 5 6 7 |  7.3
Armour         | 6 7 8 10 11 | 11.0

Action                     |  1- 3 |  4- 6 |  7- 9 | 10-12 | 13-15 || total
---------------------------+-------+-------+-------+-------+-------++-------
  Melee: War axe           |    85 |   249 |   173 |   305 |   112 ||   924
         Headbutt          |       |       |       |    56 |   106 ||   162
         Broad axe         |       |       |       |       |   397 ||   397
         Morningstar       |       |       |       |       |    29 ||    29
  Throw: Boomerang         |       |       |    25 |    25 |    19 ||    69
         Javelin           |       |       |       |    67 |    35 ||   102
 Invoke: Heroism           |       |     1 |     5 |    18 |    21 ||    45
         Finesse           |       |       |       |     3 |     8 ||    11
    Use: Scroll            |     1 |    14 |     9 |     7 |     8 ||    39
         Potion            |       |       |       |     3 |     2 ||     5
 Armour: Scale mail        |    29 |       |       |       |       ||    29
         Chain mail        |    10 |   149 |    79 |     7 |       ||   245
         Plate armour      |       |       |       |   221 |   300 ||   521
  Dodge: Dodged            |    26 |   116 |    49 |   133 |   195 ||   519
  Block: Buckler           |    16 |    44 |    33 |    72 |   116 ||   281

Table legend:
 A = Non-vault XP
 B = Vault XP
 C = Vault XP percentage of total XP
 D = Non-vault monster count
 E = Vault monster count
 F = Vault count percentage of total count
                 A         B        C        D         E       F
            +---------+---------+-------+---------+---------+-------
      Total |   52742 |   24708 |  31.9 |     330 |     156 |  32.1
            +---------+---------+-------+---------+---------+-------
        D:1 |      19 |      12 |  38.7 |      13 |       8 |  38.1
        D:2 |     113 |       4 |   3.4 |      19 |       2 |   9.5
        D:3 |      75 |      34 |  31.2 |      19 |      12 |  38.7
        D:4 |     294 |       7 |   2.3 |      13 |       3 |  18.8
        D:5 |     253 |       0 |   0.0 |      11 |       0 |   0.0
        D:6 |     491 |     439 |  47.2 |       9 |       2 |  18.2
        D:7 |     283 |     407 |  59.0 |       6 |       3 |  33.3
        D:8 |    1792 |     850 |  32.2 |      20 |       9 |  31.0
        D:9 |     999 |       0 |   0.0 |       7 |       0 |   0.0
       D:10 |    4789 |     777 |  14.0 |      35 |       1 |   2.8
       D:11 |    5179 |    1267 |  19.7 |      29 |       5 |  14.7
       D:12 |    7959 |    2412 |  23.3 |      24 |      32 |  57.1
     Lair:1 |    5870 |       0 |   0.0 |      25 |       0 |   0.0
     Lair:2 |    7464 |    3037 |  28.9 |      30 |       7 |  18.9
     Lair:3 |    9920 |    2710 |  21.5 |      42 |      32 |  43.2
     Lair:4 |    4764 |    2204 |  31.6 |      19 |       6 |  24.0
     Lair:5 |    2478 |   10548 |  81.0 |       9 |      34 |  79.1
            +---------+---------+-------+---------+---------+-------
